 Dungeon Crawl Stone Soup version 0.21-a0-632-g1e37ce5 (webtiles) character file.

143 wvc the Twirler (level 5, -4/39 HPs)
             Began as a Barachi Gladiator on Dec 27, 2017.
             Killed from afar by a white imp (9 damage)
             ... with a puff of frost
             ... summoned by Natasha
             ... on level 2 of the Dungeon.
             The game lasted 00:03:30 (1758 turns).

wvc the Twirler (Barachi Gladiator)                 Turns: 1758, Time: 00:03:31

Health: -4/39      AC:  5    Str: 15    XL:     5   Next: 25%
Magic:  5/5        EV: 13    Int: 10    God:
Gold:   92         SH:  3    Dex: 13    Spells: 4/4 levels left

rFire    . . .     SeeInvis .   a - +0 quarterstaff
rCold    . . .     Gourm    .   (shield currently unavailable)
rNeg     . . .     Faith    .   b - +0 leather armour
rPois    .         Spirit   .   c - +0 helmet
rElec    .         Reflect  +   (no cloak)
rCorr    .         Harm     .   i - +0 pair of gloves
MR       .....                  (no boots)
Stlth    +.........             e - +3 amulet of reflection
HPRegen  0.13/turn              (no ring)
MPRegen  0.09/turn              (no ring)

@: slowed, very slow
A: +LOS, swims, claws 1, slowness 1, MP-powered wands, strong legs 1
a: Hop


You were on level 2 of the Dungeon.
You were not hungry.

You visited 1 branch of the dungeon, and saw 2 of its levels.

You collected 92 gold pieces.

Inventory:

Hand Weapons
 a - a +0 quarterstaff (weapon)
Missiles
 d - a throwing net (quivered)
 m - 7 needles of sleeping
Armour
 b - a +0 leather armour (worn)
 c - a +0 helmet (worn)
 i - a +0 pair of gloves (worn)
Jewellery
 e - a +3 amulet of reflection (around neck)
 k - an uncursed ring of ice
Scrolls
 g - a scroll of identify
 n - a scroll of teleportation {unknown}
Potions
 j - a potion of heal wounds {unknown}
 l - a potion of degeneration {unknown}
Comestibles
 f - a ration
 h - 6 chunks of flesh


   Skills:
 - Level 2.4 Fighting
 + Level 6.3 Staves
 - Level 2.0 Throwing
 - Level 3.2 Dodging


You had 4 spell levels left.
You didn't know any spells.

Dungeon Overview and Level Annotations

Branches:
Dungeon (2/15)

Altars:

Annotations:
D:2 Natasha


Innate Abilities, Weirdness & Mutations

Shadows flee at your approach. (+LOS)
You can swim through water.
You cover ground slowly.
You can hop short distances.
You have sharp fingernails.
You expend magic power (3 MP) to strengthen your wands.


Message History

The shadow imp barely misses you.
Natasha mumbles some strange words.
Natasha shimmers violently.
Natasha stares at you and mumbles some strange words.
You feel yourself slow down. The leopard gecko barely misses you.
You barely miss Natasha.
Natasha is almost dead.
The white imp hits you but does no damage.
The shadow imp gestures at you.
You barely resist. The leopard gecko barely misses you. Natasha misses you.
The white imp gestures at you. The puff of frost hits you!
The shadow imp closely misses you.
You completely miss Natasha.
Natasha is almost dead.
The leopard gecko barely misses you.
Natasha mewls in sadness.
Natasha closely misses you. The white imp gestures at you.
The puff of frost hits you!
You die...

# ... ..###.# #. # .%.
..#[#.##.. . ... ..#... .###..
.##. ### #..>... ....##... #
####......##......#
##...........[.....#
.................?.#
...........###..h5.#
.........#.....5@l.######
...(..........######....#
...........#..#####.....#
...#.#.#.# #....<##.#.###
.........)..#.##.##.#.########
...#.#.#.#...................#
.............................#
...#.#.#.#.........#.........#
...................#.........#


You could see Natasha, a white imp, a shadow imp and a leopard gecko.

Vanquished Creatures
  Natasha (D:2)
  4 gnolls
  2 adders (D:2)
  An ooze (D:1)
  2 worms (D:2)
  2 dart slugs (D:1)
  2 leopard geckos
  2 ball pythons
  6 bats
  5 goblins (D:1)
  6 hobgoblins
  6 jackals (D:1)
  A kobold (D:2)
  2 frilled lizards (D:1)
  4 rats
46 creatures vanquished.

Notes
Turn   | Place    | Note
-------+----------+-------------------------------------------
     0 | D:1      | wvc the Barachi Gladiator began the quest for the Orb.
     0 | D:1      | Reached XP level 1. HP: 17/17 MP: 1/1
   113 | D:1      | Reached XP level 2. HP: 23/23 MP: 2/2
   114 | D:1      | Reached skill level 4 in Staves
   419 | D:1      | Reached XP level 3. HP: 28/28 MP: 3/3
   730 | D:1      | Gained mutation: You expend magic power (3 MP) to strengthen your wands. [potion of mutation]
   730 | D:1      | Gained mutation: You have sharp fingernails. [potion of mutation]
  1238 | D:2      | Reached skill level 5 in Staves
  1297 | D:2      | Reached XP level 4. HP: 15/34 MP: 4/4
  1480 | D:2      | Noticed Natasha
  1492 | D:2      | Killed Natasha
  1561 | D:1      | Reached skill level 6 in Staves
  1565 | D:1      | Reached XP level 5. HP: 26/39 MP: 5/5
  1742 | D:2      | Noticed Natasha
  1758 | D:2      | Killed from afar by a white imp

Vault maps used:
D:1:      giann_wishing_wells, roderic_serpentine_path
D:2:      serial_glass, glass_columns_c, glass_columns_a, item_on_display_a,
          item_on_display_a, first_ration, uniq_natasha

Skill      XL: |  1  2  3  4 |
---------------+-------------+-----
Staves         | 4 5 6 |  6.3
Fighting       | |  2.4
Throwing       | |  2.0
Dodging        | |  3.2

Action                   |  1- 3 |  4- 6 || total
-------------------------+-------+-------++-------
Melee: Quarterstaff      |   113 |    60 ||   173
Throw: Throwing net      |       |     3 ||     3
  Use: Scroll            |     2 |       ||     2
       Potion            |     1 |       ||     1
 Stab: Held in net/web   |       |     2 ||     2
  Eat: Chunk             |     2 |       ||     2
       Ration            |       |     1 ||     1
Armor: Leather armour    |    47 |    25 ||    72
Dodge: Dodged            |   102 |    45 ||   147
Block: Other             |    16 |    10 ||    26
       Reflection        |       |     2 ||     2

Table legend:
 A = Spawn XP
 B = Non-spawn XP
 C = Spawn XP percentage of total XP
 D = Spawn monster count
 E = Non-spawn monster count
 F = Spawn count percentage of total count
 G = Total turns spent on level
                    A         B        C        D         E        F      G
               +---------+---------+-------+---------+---------+-------+---------
         Total |       0 |     205 |   0.0 |       0 |      46 |   0.0 |  1758
               +---------+---------+-------+---------+---------+-------+---------
           D:1 |       0 |     103 |   0.0 |       0 |      31 |   0.0 |  1309
           D:2 |       0 |     102 |   0.0 |       0 |      15 |   0.0 |   449
               +---------+---------+-------+---------+---------+-------+---------
